Workbook
Name Volets: [1]Paramétrage!$E$2:$E$4

Sheet Notice d'accueil
A8: SOUTIEN A LA PROTECTION DES COURS D'EAU ET DES SOLS
A10: Intervention n°73.02 du Plan Stratégique National de Bourgogne-Franche-Comté
A12: Détail des dépenses réalisées
B14: Le présent document constitue une part intégrante de la demande de paiement. Il doit être complété avec toutes les dépenses de l'opération. Aucune dépense non présentée ne pourra être retenue par le service instructeur lors du calcul de l'aide.
B16: CONSIGNES D'UTILISATION
B17: ETAPE 1 -
B18: Onglet "Dépenses sur factures" | P18: Dépenses sur factures
B19: . Feuillet à utiliser pour les prestations de services et frais de sous-traitance réalisés justifiés par la présentation d'une facture, de justificatifs équivalent, d'estimatif du marché public ou d'autres documents liés à la passation du marché public. . Les montants à présenter dans le feuillet sont ceux directement liés à la mise en œuvre de l'opération. Il s'agit donc de reporter les montants partiels ou totaux des factures, selon s'ils sont en partie ou totalement liés à l'opération. . Une ligne de dépense correspond à une facture. . Lorsque le montant de la facture n'est pas totalement présenté, mettez en évidence sur celui-ci les sous-dépenses présentées (surlignez ou soulignez-les). Procédez de la même manière si le montant présenté fait suite à l'émission d'un rapport d'analyse des offres (RAO). Vous devrez, dans tous les cas remplir, dater et signer le formulaire relatif à la commande publique et l'ajouter à vos pièces justificatives dans euro-pac. . Si l'acquittement des dépenses est justifié par la présentation d'un état récapitulatif des dépenses, veuillez imprimer cet onglet, et le faire signer par le commissaire aux comptes ou comptable public. Ensuite veuillez le joindre dans le champs "Annexe des dépenses", en plus de la version Excel (cf. 3/)
B20: Onglet "Coûts indirects" Les coûts indirects sont des coûts qui ne sont pas ou ne peuvent pas être directement rattachés à une opération, tout en demeurant nécessaires à sa réalisation. Le tableau se complète automatiquement en fonction de la réponse apportée en cellule K5. | P20: Coûts indirects
B21: ETAPE 2 - Une fois toutes vos dépenses renseignées, rendez-vous dans le feuillet de synthèse pour obtenir le récapitulatif de votre opération: Il est important de vérifier que les dépenses présentées se rattachent à un poste mentionné dans le feuillet Dépenses sur factures en colonne E. | P21: Synthèse_des_dépenses
B22: ETAPE 3 - N'oubliez pas d'enregistrer la présente annexe avant de l'ajouter à vos documents dans l'onglet "Données financières de l'opération" de votre formulaire EURO-PAC.
B24: POINTS DE VIGILANCE
B25: . Pour chaque dépense, les justificatifs appropriés seront à joindre au dossier de demande de paiement sur la plateforme euro-pac. . En cas d'absence de justificatifs appropriés, le service instructeur écartera les montants présentés des dépenses concernées.

Sheet Info
A2: Dispositif | B2: Protection des cours d'eau et des sols - PCES
A3: Date de début de validité | B3: AAP1 2025
A5: Numero de dossier Euro-PAC
A7: Nom du demandeur
A9: Intitulé du projet
A11: Objet de paiement | B11: Solde
A13: LEGENDE
A14: ONGLETS
A15: en vert | B15: à renseigner par le bénéficiaire
A16: en rouge | B16: rien à renseigner par le bénéficiaire
A18: Champs
A19: en blanc | B19: Champs pouvant être renseignés par le bénéficiaire
A20: en gris | B20: Saisie automatique. Ne pas modifier

Sheet Dépenses sur factures
A1: Dépenses sur factures
A2: Demande de paiement
A3: Identification de l'investissement | B3: Localisation de l'investissement | D3: Terre agricole * | E3: Poste de dépenses * | F3: Code de la catégorie | G3: Libellé de la dépense | H3: Identifiant du justificatif retenu * | I3: Date du justificatif | J3: Fournisseur à l’origine de la facture retenu* | K3: Date d’acquittement | L3: Quantités * | M3: Montant présenté initial HT * | N3: Montant présenté final HT* | O3: Présence ou non d'un marché public | P3: Commentaires
A4: (affecter un numéro aux investissements (1, 2, 3,...) en les indiquant sur les plans) | B4: (faire figurer ici le n° d'îlot PAC) | C4: (faire figurer ici la référence cadastrale : section et numéro de parcelle) | D4: à choisir dans le menu déroulant | E4: à choisir dans le menu déroulant | F4: saisie automatique | G4: (nature de la dépense indiquée sur la facture ou sur le justificatif de dépense. Ex : désignation de la prestation…) | H4: (information présente sur le justificatif de la dépense retenue. Ex: numéro de facture, numéro de lot si marché public...) | I4: (date d'émission figurant sur le justificatif) | J4: (nom de l'entreprise, de la structure émettrice de la facture ou du justificatif de la dépense retenue) | K4: (date effective du paiement) | L4: (m2, mètre linéaire ou matériel ou unité) | M4: (montant présenté HT, en euros) | N4: calcul automatique | O4: (absence ou type de marché public, à sélectionner dans le menu déroulant) | P4: indiquer tout commentaire que vous souhaitez transmettre au service instructeur
A5: 1 | B5: 5-6-7 | C5: Commune X réf: AB002; AB003: AB245 | D5: OUI | E5: Mise en défens de zones sensibles | F5: {=_xlfn.IFS(E5="Mise en défens de zones sensibles","DEF ZN",E5="Implantation de haies et d’éléments arborés - Acquisition de lamier d'élagage neuf","IMP A",E5="Restauration de milieux spécifiques","REST SPE",E5="Restauration de murets et de mares","REST MM",E5="Mise en place de dispositifs anti-érosif ","SOL EROS",E5="Restauration de la qualité de l’eau","REST EAU")} -> DEF ZN | G5: Clôture | H5: Lot 1 - Prix 1 | I5: 45839 | J5: DUPOND TP | K5: 46154 | L5: 1 | M5: 98000 | N5: =IF(D5="OUI",M5,0) -> 98000 | O5: Marché à procédure adaptée (MAPA) | P5: Marché accord-cadre à bons de commande
A6: 1 | B6: 5-6-7 | C6: Commune X réf: AB002; AB003: AB245 | D6: OUI | E6: Mise en défens de zones sensibles | F6: {=_xlfn.IFS(E6="Mise en défens de zones sensibles","DEF ZN",E6="Implantation de haies et d’éléments arborés - Acquisition de lamier d'élagage neuf","IMP A",E6="Restauration de milieux spécifiques","REST SPE",E6="Restauration de murets et de mares","REST MM",E6="Mise en place de dispositifs anti-érosif ","SOL EROS",E6="Restauration de la qualité de l’eau","REST EAU")} -> DEF ZN | G6: Passage à gué | H6: Lot 1 - Prix 3 | I6: 45839 | J6: DUPOND TP | K6: 46154 | L6: 1 | M6: 25450 | N6: =IF(D6="OUI",M6,0) -> 25450 | O6: Marché à procédure formalisée | P6: Marché accord-cadre à bons de commande
A7: 1 | F7: {=_xlfn.IFS(E7=0,"",E7="Mise en défens de zones sensibles","DEF ZN",E7="Implantation de haies et d’éléments arborés - Acquisition de lamier d'élagage neuf","IMP A",E7="Restauration de milieux spécifiques","REST SPE",E7="Restauration de murets et de mares","REST MM",E7="Mise en place de dispositifs anti-érosif ","SOL EROS",E7="Restauration de la qualité de l’eau","REST EAU")} | N7: =IF(D7="OUI",M7,0) -> 0
A8: 2 | F8: {=_xlfn.IFS(E8=0,"",E8="Mise en défens de zones sensibles","DEF ZN",E8="Implantation de haies et d’éléments arborés - Acquisition de lamier d'élagage neuf","IMP A",E8="Restauration de milieux spécifiques","REST SPE",E8="Restauration de murets et de mares","REST MM",E8="Mise en place de dispositifs anti-érosif ","SOL EROS",E8="Restauration de la qualité de l’eau","REST EAU")} | N8: =IF(D8="OUI",M8,0) -> 0
A9: 3 | F9: {=_xlfn.IFS(E9=0,"",E9="Mise en défens de zones sensibles","DEF ZN",E9="Implantation de haies et d’éléments arborés - Acquisition de lamier d'élagage neuf","IMP A",E9="Restauration de milieux spécifiques","REST SPE",E9="Restauration de murets et de mares","REST MM",E9="Mise en place de dispositifs anti-érosif ","SOL EROS",E9="Restauration de la qualité de l’eau","REST EAU")} | N9: =IF(D9="OUI",M9,0) -> 0
A10: 4 | F10: {=_xlfn.IFS(E10=0,"",E10="Mise en défens de zones sensibles","DEF ZN",E10="Implantation de haies et d’éléments arborés - Acquisition de lamier d'élagage neuf","IMP A",E10="Restauration de milieux spécifiques","REST SPE",E10="Restauration de murets et de mares","REST MM",E10="Mise en place de dispositifs anti-érosif ","SOL EROS",E10="Restauration de la qualité de l’eau","REST EAU")} | N10: =IF(D10="OUI",M10,0) -> 0
A11: 5 | F11: {=_xlfn.IFS(E11=0,"",E11="Mise en défens de zones sensibles","DEF ZN",E11="Implantation de haies et d’éléments arborés - Acquisition de lamier d'élagage neuf","IMP A",E11="Restauration de milieux spécifiques","REST SPE",E11="Restauration de murets et de mares","REST MM",E11="Mise en place de dispositifs anti-érosif ","SOL EROS",E11="Restauration de la qualité de l’eau","REST EAU")} | N11: =IF(D11="OUI",M11,0) -> 0
A12: 6 | F12: {=_xlfn.IFS(E12=0,"",E12="Mise en défens de zones sensibles","DEF ZN",E12="Implantation de haies et d’éléments arborés - Acquisition de lamier d'élagage neuf","IMP A",E12="Restauration de milieux spécifiques","REST SPE",E12="Restauration de murets et de mares","REST MM",E12="Mise en place de dispositifs anti-érosif ","SOL EROS",E12="Restauration de la qualité de l’eau","REST EAU")} | N12: =IF(D12="OUI",M12,0) -> 0
A13: 7 | F13: {=_xlfn.IFS(E13=0,"",E13="Mise en défens de zones sensibles","DEF ZN",E13="Implantation de haies et d’éléments arborés - Acquisition de lamier d'élagage neuf","IMP A",E13="Restauration de milieux spécifiques","REST SPE",E13="Restauration de murets et de mares","REST MM",E13="Mise en place de dispositifs anti-érosif ","SOL EROS",E13="Restauration de la qualité de l’eau","REST EAU")} | N13: =IF(D13="OUI",M13,0) -> 0
A14: 8 | F14: {=_xlfn.IFS(E14=0,"",E14="Mise en défens de zones sensibles","DEF ZN",E14="Implantation de haies et d’éléments arborés - Acquisition de lamier d'élagage neuf","IMP A",E14="Restauration de milieux spécifiques","REST SPE",E14="Restauration de murets et de mares","REST MM",E14="Mise en place de dispositifs anti-érosif ","SOL EROS",E14="Restauration de la qualité de l’eau","REST EAU")} | N14: =IF(D14="OUI",M14,0) -> 0
A15: 9 | F15: {=_xlfn.IFS(E15=0,"",E15="Mise en défens de zones sensibles","DEF ZN",E15="Implantation de haies et d’éléments arborés - Acquisition de lamier d'élagage neuf","IMP A",E15="Restauration de milieux spécifiques","REST SPE",E15="Restauration de murets et de mares","REST MM",E15="Mise en place de dispositifs anti-érosif ","SOL EROS",E15="Restauration de la qualité de l’eau","REST EAU")} | N15: =IF(D15="OUI",M15,0) -> 0
A16: 10 | F16: {=_xlfn.IFS(E16=0,"",E16="Mise en défens de zones sensibles","DEF ZN",E16="Implantation de haies et d’éléments arborés - Acquisition de lamier d'élagage neuf","IMP A",E16="Restauration de milieux spécifiques","REST SPE",E16="Restauration de murets et de mares","REST MM",E16="Mise en place de dispositifs anti-érosif ","SOL EROS",E16="Restauration de la qualité de l’eau","REST EAU")} | N16: =IF(D16="OUI",M16,0) -> 0
A17: 11 | F17: {=_xlfn.IFS(E17=0,"",E17="Mise en défens de zones sensibles","DEF ZN",E17="Implantation de haies et d’éléments arborés - Acquisition de lamier d'élagage neuf","IMP A",E17="Restauration de milieux spécifiques","REST SPE",E17="Restauration de murets et de mares","REST MM",E17="Mise en place de dispositifs anti-érosif ","SOL EROS",E17="Restauration de la qualité de l’eau","REST EAU")} | N17: =IF(D17="OUI",M17,0) -> 0
A18: 12 | F18: {=_xlfn.IFS(E18=0,"",E18="Mise en défens de zones sensibles","DEF ZN",E18="Implantation de haies et d’éléments arborés - Acquisition de lamier d'élagage neuf","IMP A",E18="Restauration de milieux spécifiques","REST SPE",E18="Restauration de murets et de mares","REST MM",E18="Mise en place de dispositifs anti-érosif ","SOL EROS",E18="Restauration de la qualité de l’eau","REST EAU")} | N18: =IF(D18="OUI",M18,0) -> 0
... A106: 100 | F106: {=_xlfn.IFS(E106=0,"",E106="Mise en défens de zones sensibles","DEF ZN",E106="Implantation de haies et d’éléments arborés - Acquisition de lamier d'élagage neuf","IMP A",E106="Restauration de milieux spécifiques","REST SPE",E106="Restauration de murets et de mares","REST MM",E106="Mise en place de dispositifs anti-érosif ","SOL EROS",E106="Restauration de la qualité de l’eau","REST EAU")} | N106: =IF(D106="OUI",M106,0) -> 0
L107: TOTAL | M107: =SUM(M7:M106) -> 0 | N107: =SUM(N7:N106) -> 0

Sheet Coûts indirects
A1: Coûts indirects
A2: Demande de paiement
A3: L'article 54 (a) du règlement (UE) n° 2021/1060 du 24 juin 2021 prévoit un financement à taux forfaitaire pour les coûts indirects sur la base d'un forfait de 7 % des coûts directs éligibles.
A4: Je demande (nous demandons) à bénéficier de l'aide sur les coûts indirects liés à l'opération d'un taux forfaitaire de 7% des coûts directs éligibles (art 54 (a) du règlement (UE) n° 2021/1060 du 24 juin 2021 )
A5: Réponse à choisir dans le menu déroulant ci-contre * :
D8: Montant de base (dépenses présentées) (a) | E8: Montant du forfait (b) | F8: Montant présenté (c) = (a) x (b)
D9: ='Dépenses sur factures'!N107 -> 0 | E9: 0.07 | F9: =IF(K5="Oui",D9*E9,0) -> 0

Sheet Synthèse_des_dépenses
A1: Synthèses des dépenses présentées
A2: Demande de paiement
A3: Dépenses sur factures | B3: SYNTHÈSE DES INVESTISSEMENTS PAR TYPE D'OUVRAGE
B4: Intitulé du poste | C4: Code | D4: MONTANT HT
B5: Mise en défens de zones sensibles | C5: DEF ZS | D5: =SUMIF('Dépenses sur factures'!F7:F106,"DEF ZN",'Dépenses sur factures'!N7:N106) -> 0
B6: Implantation de haies et d'éléments arborés - Acquisition de lamier d'élagage neuf | C6: IMP A | D6: =SUMIF('Dépenses sur factures'!F7:F106,"IMP A",'Dépenses sur factures'!N7:N106) -> 0
B7: Restauration de milieux spécifiques | C7: REST SPE | D7: =SUMIF('Dépenses sur factures'!F7:F106,"REST SPE",'Dépenses sur factures'!N7:N106) -> 0
B8: Mise en place de dispositifs anti-érosif | C8: SOL EROS | D8: =SUMIF('Dépenses sur factures'!F7:F106,"SOL EROS",'Dépenses sur factures'!N7:N106) -> 0
B9: Restauration de murets et de mares | C9: REST MM | D9: =SUMIF('Dépenses sur factures'!F7:F106,"REST MM",'Dépenses sur factures'!N7:N110) -> 0
B10: Aménagement pour la restauration de la qualité de l'eau | C10: REST EAU | D10: =SUMIF('Dépenses sur factures'!F7:F106,"REST EAU",'Dépenses sur factures'!N7:N106) -> 0
B11: SOUS-TOTAL | D11: =SUM(D5:D10) -> 0
A12: Coûts indirects (7% des coûts directs éligibles) | D12: ='Coûts indirects'!F9 -> 0
A13: Total des montants présentés pour l'opération | D13: =SUM(D11:D12) -> 0

Sheet LISTE
A1: Terres agricoles | B1: Libellé de la catégorie d'investissement | C1: Code à utiliser | D1: Coûts indirects | E1: Procédures de marchés publics
A2: OUI | B2: Implantation de haies et d’éléments arborés - Acquisition de lamier d'élagage neuf | C2: IMP A | D2: OUI | E2: Pas de marché public
A3: NON | B3: Mise en place de dispositifs anti-érosif | C3: SOL EROS | D3: NON | E3: Marché sans publicité ni mise en concurrence
B4: Mise en défens de zones sensibles | C4: DEF ZS | E4: Marché à procédure adaptée (MAPA)
B5: Restauration de la qualité de l’eau | C5: REST EAU | E5: Marché à procédure formalisée
B6: Restauration de milieux spécifiques | C6: REST SPE
B7: Restauration de murets et de mares | C7: REST MM
